 Dungeon Crawl Stone Soup version 0.23.0 (webtiles) character file.

Game seed: 11284714500674279737

188 KoJIDuN the Shield-Bearer (level 5, -18/33 HPs)
             Began as a Gargoyle Fighter on Feb 16, 2019.
             Demolished by an ogre
             ... wielding a +0 giant club
              (19 damage)
             ... on level 4 of the Dungeon.
             The game lasted 00:11:08 (2566 turns).

KoJIDuN the Shield-Bearer (Gargoyle Fighter)        Turns: 2566, Time: 00:11:08

Health: -18/33     AC: 12    Str: 21    XL:     5   Next: 67%
Magic:  5/5        EV:  7    Int:  8    God:
Gold:   160        SH:  9    Dex:  9    Spells: 4/4 levels left

rFire    . . .     SeeInvis .   a - +0 long sword
rCold    . . .     Gourm    +   c - +0 shield
rNeg     + . .     Faith    .   b - +0 scale mail
rPois    ∞         Spirit   .   (no helmet)
rElec    +         Reflect  .   (no cloak)
rCorr    .         Harm     .   p - +0 pair of gloves
MR       .....                  (no boots)
Stlth    ..........             s - amulet of the gourmand
HPRegen  0.11/turn              (no ring)
MPRegen  0.09/turn              (no ring)

@: no status effects
A: negative energy resistance 1, electricity resistance, unbreathing,
petrification resistance, rot immunity, AC +4
a: no special abilities


You were on level 4 of the Dungeon.
You were not hungry.

You visited 1 branch of the dungeon, and saw 4 of its levels.

You collected 160 gold pieces.

Inventory:

Hand Weapons
 a - a +0 long sword (weapon)
Armour
 b - a +0 scale mail (worn)
 c - a +0 shield (worn)
 p - a +0 pair of gloves (worn)
Jewellery
 s - an amulet of the gourmand (around neck)
Scrolls
 h - 2 scrolls of fog
 j - 3 scrolls of identify
 k - a scroll of blinking {unknown}
 l - 2 scrolls of remove curse {unknown}
 n - 2 scrolls of immolation
 q - a scroll of teleportation {unknown}
 r - a scroll of enchant weapon {unknown}
 u - 2 scrolls of amnesia {unknown}
Potions
 d - 2 potions of might
 e - a potion of ambrosia {unknown}
 g - a potion of heal wounds {unknown}
 i - a potion of agility {unknown}
 m - 4 potions of curing {unknown}
 o - a potion of lignification {unknown}
 t - a potion of brilliance {unknown}
Comestibles
 f - 6 rations


   Skills:
 + Level 3.9 Fighting
 + Level 3.9 Long Blades
 + Level 3.8 Armour
 + Level 0.5 Dodging
 + Level 4.0 Shields


You had 4 spell levels left.
You didn't know any spells.
Your spell library was empty.

Dungeon Overview and Level Annotations

Branches:
Dungeon (4/15)
 Temple: D:4-7

Altars:
Ashenzari
Fedhas
Hepliaklqana
Sif Muna
Wu Jian
The Shining One

Shops:
D:4 [

Portals:
Ossuary: D:4


Innate Abilities, Weirdness & Mutations

You are resistant to torment.
Your stone body is resilient. (AC +4)
You are immune to poison.
You resist negative energy. (rN+)
You are resistant to electric shocks. (rElec)
You can survive without breathing.
You are immune to petrification.
You are immune to rotting.


Message History

The bullfrog skeleton hits you but does no damage.
The worm bites you but does no damage.
You barely miss the bullfrog skeleton.
The bullfrog skeleton is almost destroyed.
The bullfrog skeleton hits you but does no damage.
You block the ogre's attack.
The bullfrog skeleton barely misses you.
The worm barely misses you.
You completely miss the bullfrog skeleton.
The bullfrog skeleton is almost destroyed.
You block the bullfrog skeleton's attack.
The ogre hits you but does no damage. The bullfrog skeleton hits you.
* * * LOW HITPOINT WARNING * * *
The worm bites you but does no damage.
You completely miss the bullfrog skeleton.
The bullfrog skeleton is almost destroyed.
The bullfrog skeleton hits you but does no damage.
The ogre hits you with a +0 giant club!!
Ouch! That really hurt!
You die...

#.. ###### #.#
#@w..# #.#
......Z.O..+ ..# #
#####.#..M.## #.#.##
#.#.....# #.#..##
#....##.# #.M..M##.
#....##.# #.# #..
#....##.####.# ##...
+....+.....#.###..#.
#.∩..##.##.'.##...#.


You could see an ogre, a mummy, a worm and a bullfrog skeleton.

Vanquished Creatures
  An iguana (D:2)
  Jessica (D:3)
  3 adders
  An ooze (D:2)
  3 worms
  2 dart slugs (D:1)
  6 leopard geckos
  10 orcs (D:3)
  A giant cockroach (D:3)
  11 goblins
  8 hobgoblins
  2 jackals (D:3)
  3 kobolds
  A ball python (D:2)
  12 bats
  4 frilled lizards
  6 rats
75 creatures vanquished.

Notes
Turn   | Place    | Note
-------+----------+-------------------------------------------
     0 | D:1      | KoJIDuN the Gargoyle Fighter began the quest for the Orb.
     0 | D:1      | Reached XP level 1. HP: 14/14 MP: 1/1
    76 | D:1      | Reached XP level 2. HP: 18/19 MP: 2/2
   444 | D:1      | Reached XP level 3. HP: 23/23 MP: 3/3
  1083 | D:2      | Reached XP level 4. HP: 29/29 MP: 4/4
  1445 | D:2      | Found a glowing golden altar of the Shining One.
  1472 | D:2      | Found a faded altar of an unknown god.
  1472 | D:2      | Found a shattered altar of Ashenzari.
  1477 | D:2      | Found a blossoming altar of Fedhas.
  1483 | D:2      | Found a deep blue altar of Sif Muna.
  1484 | D:2      | Found a faded altar of an unknown god.
  1779 | D:3      | Noticed Jessica
  1784 | D:3      | Killed Jessica
  1784 | D:3      | Reached XP level 5. HP: 33/33 MP: 5/5
  2087 | D:3      | Reached skill level 4 in Shields
  2097 | D:3      | Found a hazy altar of Hepliaklqana.
  2286 | D:3      | Found an ornate altar of the Wu Jian Council.
  2387 | D:3      | Found a glowing drain.
  2541 | D:4      | Found a sand-covered staircase.
  2547 | D:4      | Noticed an ogre
  2554 | D:4      | Found Pivausagg's Antique Armour Shop.
  2565 | D:4      | HP: 1/33 [bullfrog skeleton (1)]
  2566 | D:4      | Demolished by an ogre

Skill      XL: |  1  2  3  4  5 |
---------------+----------------+-----
Long Blades    | 2 3 |  3.9
Shields        | 4 |  4.0
Fighting       | |  3.9
Armour         | |  3.8
Dodging        | |  0.5

Action                   |  1- 3 |  4- 6 || total
-------------------------+-------+-------++-------
Melee: Long sword        |    99 |   122 ||   221
  Use: Scroll            |       |     3 ||     3
  Eat: Ration            |     1 |     1 ||     2
Armor: Scale mail        |    47 |    78 ||   125
Dodge: Dodged            |    37 |    30 ||    67
Block: Shield            |    57 |    57 ||   114
       Rpst.: Long sword |    12 |    11 ||    23
